 Dungeon Crawl Stone Soup version 0.30-a0-840-ga523dec638 (webtiles) character file.

Game seed: 11609863625287841457

138 cforsyth the Sneak (level 5, 0/32 HPs)
             Began as a Kobold Brigand on Mar 2, 2023.
             Slain by Grinder (5 damage)
             ... while paralysed by Grinder
             ... on level 3 of the Dungeon.
             The game lasted 00:03:15 (2823 turns).

cforsyth the Sneak (Kobold Brigand)                 Turns: 2823, Time: 00:03:16

Health: 0/32       AC:  4    Str:  9    XL:     5   Next: 45%
Magic:  5/5        EV:  3    Int: 12    God:
Gold:   174        SH:  0    Dex: 18    Spells: 4/4 levels left

rFire   + . .      SeeInvis .    l - +2 short sword (speed)
rCold   . . .      Faith    .    (no shield)
rNeg    . . .      Spirit   .    b - +0 robe
rPois   .          Reflect  .    m - +0 helmet
rElec   .          Harm     .    c - +0 cloak
rCorr   .          Rampage  .    (no gloves)
Will    .....                    (no boots)
Stlth   ++++                     (no amulet)
HPRegen 0.25/turn                j - ring of protection from fire
MPRegen 0.09/turn                (no ring)

@: paralysed
A: small, no large weapons, nightstalker 3
a: no special abilities


You were on level 3 of the Dungeon.
You visited 1 branch of the dungeon, and saw 3 of its levels.

You collected 174 gold pieces.

Inventory:

Hand Weapons
 a - a +2 dagger
 l - a +2 short sword of speed (weapon)
Missiles
 d - 9 poisoned darts (quivered)
 e - 3 curare-tipped darts
Armour
 b - a +0 robe (worn)
 c - a +0 cloak (worn)
 m - a +0 helmet (worn)
Jewellery
 j - a ring of protection from fire (left hand)
Scrolls
 g - 2 scrolls of vulnerability {unknown}
 h - 2 scrolls of fear {unknown}
 i - 2 scrolls of identify {unknown}
 k - a scroll of amnesia {unknown}
Potions
 f - a potion of heal wounds
 n - a potion of brilliance {unknown}
 o - a potion of ambrosia {unknown}
 p - a potion of cancellation {unknown}
 q - a potion of curing {unknown}


   Skills:
 + Level 3.4 Fighting
 + Level 4.1 Short Blades
 - Level 2.1 Throwing
 + Level 3.0 Dodging
 + Level 6.4 Stealth


You had 4 spell levels left.
You didn't know any spells.
Your spell library contained the following spells:

 Spells                   Type           Power      Damage    Failure   Level
 Cigotuvi's Dreadful Rot  Necr/Pois/Air  0%         N/A       45%         2
 Dispel Undead            Necr           0%         3d6       97%         4
 Death Channel            Necr           0%         N/A       100%        6


Dungeon Overview and Level Annotations

Branches:
Dungeon (3/15)

Altars:
Dithmenos

Shops:
D:1 *   D:2 [

Annotations:
D:3 Grinder


Innate Abilities, Weirdness & Mutations

You are small and have problems with some larger weapons.
You are completely attuned to the shadows.


Message History

The helpless hobgoblin fails to defend itself.
You impale the hobgoblin!!
You kill the hobgoblin!
No target in view!
No target in view!
No target in view!
No target in view!
q - a green potion No target in view!
No target in view!
You now have 174 gold pieces (gained 14).
Grinder comes into view.
Grinder is nearby!
Grinder is nearby!
Grinder is nearby!
The helpless Grinder fails to defend herself.
You impale Grinder!!
Grinder is severely wounded.
You hit Grinder but do no damage.
Grinder is severely wounded.
Grinder hits you.
You writhe in agony.
You hit Grinder.
Grinder is almost dead.
You completely miss Grinder.
Grinder is almost dead.
Grinder gestures at you. Pain shoots through your body!
You are too injured to fight recklessly!
You barely miss Grinder.
Grinder is almost dead.
You hit Grinder.
Grinder is almost dead.
Grinder gestures at you.
You suddenly lose the ability to move!
Grinder hits you.
You writhe in agony.
* * * LOW HITPOINT WARNING * * *
Grinder hits you.
* * * LOW HITPOINT WARNING * * *
You writhe in agony.
You die...

.. #.#
...#.###
........
....#.### #.#
#...##.# # #.#
#.## #.# # #.#
#####.# #.###
#5#
#.....####.##.
#@#
#.##..........
#.#
#.##.#####.##.
#.# #.##.#
#.##.
#.###.##.#
#....
#...#.##.#
####.
###......#
#.#.#..#
#.#....#
#.###.##


You could see Grinder.

Vanquished Creatures
  A wight (D:3)
  4 gnolls
  2 dart slugs
  3 endoplasms
  A giant cockroach (D:1)
  7 hobgoblins
  2 jackals (D:1)
  3 quokkas
  3 ball pythons
  3 bats
  3 frilled lizards
  3 goblins
  5 kobolds
  3 rats
43 creatures vanquished.

Notes
Turn   | Place    | Note
-------+----------+-------------------------------------------
     0 | D:1      | cforsyth the Kobold Brigand began the quest for the Orb.
     0 | D:1      | Reached XP level 1. HP: 12/12 MP: 1/1
   234 | D:1      | Reached XP level 2. HP: 18/18 MP: 2/2
   935 | D:1      | Reached XP level 3. HP: 22/22 MP: 3/3
   965 | D:1      | Found Lalairghi's General Store.
  1237 | D:2      | Found a shadowy altar of Dithmenos.
  1355 | D:2      | Found Esmuw's Antique Armour Boutique.
  1599 | D:1      | Reached XP level 4. HP: 18/27 MP: 4/4
  1799 | D:1      | Reached skill level 6 in Stealth
  2533 | D:3      | Noticed a wight
  2534 | D:3      | Noticed a wight
  2534 | D:3      | Noticed a wight
  2536 | D:3      | Killed a wight
  2537 | D:3      | Reached XP level 5. HP: 32/32 MP: 5/5
  2812 | D:3      | Noticed Grinder
  2821 | D:3      | Paralysed by Grinder for 3 turns
  2823 | D:3      | Slain by Grinder

Illustrated notes

Levels and vault maps discovered:
D:1:      dpeg_arrival_rhombus, layout_loops_cross, serial_co_window_serial,
          co_window_paths_a, co_window_paths_a, co_window_paths_b,
          co_window_of_opportunity_a, co_window_of_opportunity_a,
          co_window_of_opportunity_a, co_window_unsneaky_path_a,
          co_window_broadway_c, co_window_corner_b, co_window_sun,
          co_window_paths_e, glass_columns_c, serial_shops, shop_fountains,
          patterned_corridor
D:2:      layout_rooms, serial_shops, nicolae_shop_behind_doors, basic_altar
D:3:      layout_loops_ring, uniq_grinder

Skill      XL: |  1  2  3  4 |
---------------+-------------+-----
Short Blades   | 3 4 |  4.1
Dodging        | 2 3 |  3.0
Fighting       | 3 |  3.4
Stealth        | 6 |  6.4
Throwing       | |  2.1

Action                     |  1- 3 |  4- 6 || total
---------------------------+-------+-------++-------
  Melee: Dagger            |    78 |    27 ||   105
         Punch             |     3 |     2 ||     5
         Short sword       |       |    12 ||    12
    Use: Potion            |       |     1 ||     1
   Stab: Sleeping          |    19 |     6 ||    25
 Armour: Robe              |     9 |     1 ||    10
  Dodge: Dodged            |    47 |    14 ||    61

Table legend: (Time is in decaauts)
 A = Elapsed time spent in this place.
 B = Non-inter-level travel time spent in this place.
 C = Inter-level travel time spent in this place.
 D = Time resting spent in this place.
 E = Time spent auto-exploring this place.
 F = Levels seen in this place.
 G = Mean time per level.
                   A        B        C        D        E       F      G
               +--------+--------+--------+--------+--------+-----+--------+
         Total |   2802 |   2747 |     55 |    416 |   1859 |   3 |  934.0 |
       Dungeon |   2802 |   2747 |     55 |    416 |   1859 |   3 |  934.0 |
               +--------+--------+--------+--------+--------+-----+--------+

Top non-repeatable levels by time:
     D:1: 1384 daAuts
     D:2: 898 daAuts
     D:3: 519 daAuts
